 Dungeon Crawl Stone Soup version 0.31-a0-801-gc67433417a (webtiles) character file.

Game seed: 5932292092966486710

65 Ivernyr the Slasher (level 4, -1/23 HPs)
             Began as a Vine Stalker Gladiator on Sept 20, 2023.
             Succumbed to Robin's poison
             ... on level 3 of the Dungeon.
             The game lasted 00:04:03 (1600 turns).

Ivernyr the Slasher (Vine Stalker Gladiator)        Turns: 1600, Time: 00:04:03

Health: -1/23      AC:  4    Str: 17    XL:     4   Next: 14%
Magic:  0/5        EV: 12    Int:  8    God:
Gold:   26         SH:  0    Dex: 17    Spells: 3/3 levels left

rFire   . . .        a - +0 long sword
rCold   . . .        (no shield)
rNeg    . . .        b - +0 leather armour
rPois   .            c - +0 helmet
rElec   .            (no cloak)
rCorr   .            (no gloves)
SInv    .            (no boots)
Will    .....        (no amulet)
Stlth   +            (no ring)
HPRegen 1.03/turn    (no ring)
MPRegen 0.09/turn

%: guardian spirit
@: lethally poisoned (-1 -> -7)
A: fangs 2, regeneration 1, magic shield, antimagic bite, no potion heal 2
a: no special abilities


You were on level 3 of the Dungeon.
You visited 1 branch of the dungeon, and saw 3 of its levels.

You collected 26 gold pieces.

Inventory:

Hand Weapons
 a - a +0 long sword (weapon)
Missiles
 d - 3 throwing nets (quivered)
 e - a javelin
Armour
 b - a +0 leather armour (worn)
 c - a +0 helmet (worn)
Jewellery
 l - a ring of fire
Scrolls
 f - a scroll of brand weapon {unknown}
 g - a scroll of amnesia {unknown}
 h - a scroll of teleportation {unknown}
 i - a scroll of fear {unknown}
 k - 3 scrolls of poison {unknown}
 o - a scroll of fog {unknown}
 p - a scroll of immolation {unknown}
Potions
 j - 2 potions of attraction {unknown}
 m - a potion of ambrosia {unknown}
 n - a potion of degeneration {unknown}


   Skills:
 + Level 2.3 Fighting
 * Level 3.5 Long Blades
 - Level 1.7 Throwing
 + Level 1.1 Armour
 + Level 2.8 Dodging


You had 3 spell levels left.
You didn't know any spells.
Your spell library was empty.

Dungeon Overview and Level Annotations

Branches:
Dungeon (3/15)

Altars:

Annotations:
D:3 Robin


Innate Abilities, Weirdness & Mutations

You have extremely sharp teeth.
Your natural rate of healing is unusually fast.
When hurt, damage is shared between your health and your magic reserves.
Your bite disrupts and absorbs the magic of your enemies.
Potions cannot restore your health.


Message History

The hobgoblin misses you. The goblin misses you. The hobgoblin misses you.
The goblin closely misses you. The goblin hits you but does no damage.
The goblin closely misses you. The goblin misses you.
You hit the goblin.
You kill the goblin!
The goblin hits you but does no damage. The goblin barely misses you.
The hobgoblin hits you but does no damage.
Robin roars a battlecry!
The goblins go into a battle-frenzy!
The goblin hits you with a +0 club.
The hobgoblin hits you but does no damage.
The goblin hits you but does no damage. The goblin barely misses you.
The hobgoblin barely misses you. The goblin closely misses you.
The goblin completely misses you. The hobgoblin barely misses you.
The goblin misses you. The hobgoblin closely misses you.
Robin barely misses you. The goblin hits you with a +0 club.
You completely miss the goblin. You bite the goblin.
You kill the goblin!
The goblin hits you but does no damage. The hobgoblin barely misses you. x2
The hobgoblin closely misses you. The goblin barely misses you. x2
Robin hits you from afar with a +3 spear of venom.
You are poisoned.
The goblin hits you with a +0 club.
You feel sick.
The goblin unwields a +0 dagger.
The goblin wields a +0 sling.
The goblin shoots a sling bullet.
The sling bullet hits you.
* * * LOW HITPOINT WARNING * * *
The hobgoblin closely misses you. x2; The goblin hits you but does no damage.
Robin throws the goblin at you! The goblin barely misses you.
Things that are here:
a +0 club; a goblin corpse You hit the hobgoblin.
You kill the hobgoblin!
You feel sick. The goblin completely misses you. The goblin misses you.
The hobgoblin hits you.
* * * LOW HITPOINT WARNING * * *
Robin hits you from afar with a +3 spear of venom.
You are lethally poisoned!
You hit the hobgoblin.
The hobgoblin is severely wounded.
You die...

........ ......
#....# #....# #....#
#..g.+ #.gg.######
+.g@.#....
#.ggg+.#.# #######
..#.g..#.#.# #......
J...........#
#)#####
.......#.#.### #.#
#..
.......#.#.#######.#
#.#
.......#.#......##.#
#.#
.......#.........#.#
#.#
.?..........#.#..#.#
#.#


You could see Robin, 2 hobgoblins and 5 goblins.

Vanquished Creatures
  4 dart slugs
  A bat (D:2)
  4 endoplasms
  7 giant cockroaches (D:2)
  9 goblins
  4 hobgoblins
  4 jackals (D:3)
  5 kobolds
  2 quokkas
  4 ball pythons
  3 frilled lizards
47 creatures vanquished.

Notes
Turn   | Place    | Note
-------+----------+-------------------------------------------
     0 | D:1      | Ivernyr the Vine Stalker Gladiator began the quest for the
                  | Orb.
     0 | D:1      | Reached XP level 1. HP: 11/11 MP: 2/2
   109 | D:1      | Reached XP level 2. HP: 15/15 MP: 3/3
   146 | D:1      | Reached skill level 3 in Long Blades
   410 | D:1      | Found a faded altar of an unknown god.
   428 | D:1      | Found a faded altar of an unknown god.
   523 | D:1      | You fall into a shaft and drop 1 floor!
   784 | D:2      | Reached XP level 3. HP: 18/18 MP: 4/4
  1231 | D:2      | Reached skill level 1 in Armour
  1549 | D:3      | Reached XP level 4. HP: 23/23 MP: 5/5
  1588 | D:3      | Noticed Robin
  1600 | D:3      | Succumbed to Robin's poison

Illustrated notes

Levels and vault maps discovered:
D:1:      eino_arrival_tree_alley, layout_loops_cross,
          hellmonk_ecumenical_altar_the_god_not_taken
D:2:      wander_river, layout_loops_ring, minmay_worlds_worst_comb
D:3:      layout_basic, mainiacjoe_overflow_alcove_1, serial_corexii_hall,
          corexii_hall_statues_x, chequers_hall_statues_corner_a,
          corexii_hall_statues_s, uniq_robin

Skill      XL: |  1  2  3 |
---------------+----------+-----
Fighting       | 2 |  2.3
Long Blades    | 3 |  3.5
Armour         | 1 |  1.1
Throwing       | |  1.7
Dodging        | |  2.8

Action                     |  1- 3 |  4- 6 || total
---------------------------+-------+-------++-------
  Melee: Long sword        |    93 |    16 ||   109
         Bite              |    24 |     2 ||    26
         Punch             |     1 |       ||     1
   Stab: Sleeping          |     1 |       ||     1
 Armour: Leather armour    |    36 |    33 ||    69
  Dodge: Dodged            |    54 |    49 ||   103

Table legend: (Time is in decaauts)
 A = Elapsed time spent in this place.
 B = Non-inter-level travel time spent in this place.
 C = Inter-level travel time spent in this place.
 D = Time resting spent in this place.
 E = Time spent auto-exploring this place.
 F = Levels seen in this place.
 G = Mean time per level.
                   A        B        C        D        E       F      G
               +--------+--------+--------+--------+--------+-----+--------+
         Total |   1654 |   1582 |     72 |      0 |   1234 |   3 |  551.3 |
       Dungeon |   1654 |   1582 |     72 |      0 |   1234 |   3 |  551.3 |
               +--------+--------+--------+--------+--------+-----+--------+

Top non-repeatable levels by time:
     D:2: 791 daAuts
     D:1: 675 daAuts
     D:3: 187 daAuts
